[ AOE2 MATCH · #507856031 ]
UnrankedBulgarians vs Spanish
Player's team · WIN
Rival team · LOSS
[ REPLAY ANALYSIS · EXTRACTED FROM THE RECORDED GAME ]
Feudal
10:12
Castle
23:15
Imperial
41:01
| APM avg | 30.8 |
| APM peak | 63 |
| eAPM avg | 17.4 |
| Villagers / military | 154 / 429 |
Focus
⚔️ 40.3% · 🌾 59.7%
Scout Cavalry ×225 · Konnik ×144 · Scorpion ×23 · Battering Ram ×19 · Monk ×7 · Militia ×6
Feudal
9:19
Castle
19:10
Imperial
38:10
| APM avg | 33.0 |
| APM peak | 66 |
| eAPM avg | 21.4 |
| Villagers / military | 271 / 173 |
Focus
⚔️ 33.8% · 🌾 66.2%
Conquistador ×154 · Battering Ram ×13 · Trebuchet (Packed) ×4 · Missionary ×2
Match map
Initial resources + every placement click. Lines = walls · curves = elevation contours. ◆ gold · ⬟ stone · ● berries · ✦ relic · ◌ wall gap
Your base· ✓ Closed at 23:15 · 37t walls · 1 gate(s)
kinghandles's base· Open — 3t gap
Smoothed initial terrain · ◌ = detected wall gap · hover for details
Inputs per minute
— tekinbey - - kinghandles
Build order — tekinbey
First 150 of 548 actions detected
| 0:00 | Queue | Villager (Male) |
| 0:01 | Queue | Villager (Male) |
| 0:01 | Queue | Villager (Male) |
| 0:02 | Build | House |
| 0:04 | Build | House |
| 0:49 | Queue | Villager (Male) |
| 0:49 | Queue | Villager (Male) |
| 1:33 | Queue | Villager (Male) |
| 1:33 | Queue | Villager (Male) |
| 1:48 | Build | Lumber Camp |
| 2:03 | Queue | Villager (Male) |
| 2:03 | Queue | Villager (Male) |
| 2:27 | Queue | Villager (Male) |
| 2:27 | Queue | Villager (Male) |
| 2:50 | Build | Palisade Wall |
| 2:58 | Queue | Villager (Male) |
| 2:59 | Queue | Villager (Male) |
| 2:59 | Queue | Villager (Male) |
| 3:36 | Build | House |
| 3:39 | Build | House |
| 3:45 | Queue | Villager (Male) |
| 3:45 | Queue | Villager (Male) |
| 4:05 | Queue | Villager (Male) |
| 4:28 | Queue | Villager (Male) |
| 4:28 | Queue | Villager (Male) |
| 4:38 | Build | House |
| 5:19 | Build | House |
| 5:27 | Queue | Villager (Male) |
| 5:27 | Queue | Villager (Male) |
| 5:27 | Queue | Villager (Male) |
| 5:46 | Build | Palisade Wall |
| 5:53 | Queue | Villager (Male) |
| 5:54 | Queue | Villager (Male) |
| 6:38 | Build | Mill |
| 7:04 | Queue | Villager (Male) |
| 7:35 | Research | Loom |
| 7:51 | Build | Barracks |
| 8:02 | Research | Feudal Age |
| 8:18 | Build | Mining Camp |
| 8:26 | Queue | Militia |
| 8:26 | Queue | Militia |
| 8:47 | Queue | Militia |
| 8:47 | Queue | Militia |
| 9:09 | Queue | Militia |
| 10:12 | Age | Feudal Age |
| 10:15 | Build | Watch Tower |
| 10:22 | Queue | Villager (Male) |
| 10:22 | Queue | Villager (Male) |
| 10:23 | Queue | Villager (Male) |
| 10:30 | Build | Watch Tower |
| 10:37 | Queue | Militia |
| 10:38 | Queue | Villager (Male) |
| 10:45 | Build | Stone Wall |
| 10:54 | Build | Mining Camp |
| 11:39 | Queue | Villager (Male) |
| 11:48 | Build | House |
| 11:49 | Build | House |
| 11:51 | Build | House |
| 11:53 | Research | Double-Bit Axe |
| 12:00 | Build | House |
| 12:13 | Queue | Villager (Male) |
| 12:31 | Build | House |
| 12:46 | Build | Blacksmith |
| 12:53 | Queue | Villager (Male) |
| 13:20 | Queue | Villager (Male) |
| 13:21 | Queue | Villager (Male) |
| 13:30 | Build | House |
| 13:33 | Build | Palisade Gate |
| 13:34 | Build | House |
| 13:36 | Queue | Villager (Male) |
| 13:49 | Build | Watch Tower |
| 14:04 | Build | Stone Wall |
| 14:25 | Queue | Villager (Male) |
| 14:30 | Research | Horse Collar |
| 14:51 | Build | Watch Tower |
| 14:53 | Research | Arson |
| 15:07 | Build | Farm |
| 15:12 | Queue | Villager (Male) |
| 15:25 | Queue | Villager (Male) |
| 15:33 | Build | Farm |
| 15:36 | Build | Farm |
| 15:40 | Build | House |
| 15:50 | Queue | Villager (Male) |
| 16:17 | Build | Watch Tower |
| 16:33 | Queue | Villager (Male) |
| 16:33 | Queue | Villager (Male) |
| 16:39 | Build | Farm |
| 16:40 | Build | Farm |
| 16:42 | Build | Farm |
| 16:43 | Build | Farm |
| 16:54 | Queue | Spearman |
| 16:54 | Queue | Spearman |
| 17:10 | Research | Fletching |
| 17:13 | Build | Farm |
| 17:15 | Build | Farm |
| 17:19 | Build | Farm |
| 17:26 | Build | Farm |
| 17:57 | Queue | Villager (Male) |
| 18:04 | Build | Farm |
| 18:08 | Build | Farm |
| 18:11 | Build | Farm |
| 18:13 | Queue | Villager (Male) |
| 18:46 | Build | Watch Tower |
| 18:49 | Queue | Villager (Male) |
| 18:55 | Build | Market |
| 18:56 | Build | House |
| 18:57 | Build | House |
| 19:21 | Queue | Villager (Male) |
| 19:28 | Build | Lumber Camp |
| 19:55 | Queue | Villager (Male) |
| 20:35 | Research | Castle Age |
| 21:02 | Build | House |
| 21:04 | Build | House |
| 21:06 | Build | Stone Wall |
| 21:08 | Research | Stone Mining |
| 21:39 | Build | Palisade Wall |
| 22:17 | Build | Farm |
| 22:18 | Build | Farm |
| 22:22 | Research | Gold Mining |
| 22:40 | Research | Forging |
| 22:40 | Research | Scale Barding Armor |
| 22:46 | Research | Wheelbarrow |
| 23:15 | Age | Castle Age |
| 23:43 | Build | Krepost |
| 23:48 | Queue | Villager (Male) |
| 23:48 | Queue | Villager (Male) |
| 24:00 | Build | Krepost |
| 24:07 | Research | Bodkin Arrow |
| 25:01 | Build | Town Center |
| 25:34 | Build | Town Center |
| 25:57 | Queue | Villager (Male) |
| 25:57 | Queue | Villager (Male) |
| 25:59 | Queue | Villager (Male) |
| 25:59 | Queue | Villager (Male) |
| 26:39 | Queue | Villager (Male) |
| 26:39 | Queue | Villager (Male) |
| 26:39 | Queue | Villager (Male) |
| 26:43 | Build | Town Center |
| 26:48 | Queue | Villager (Male) |
| 26:55 | Queue | Villager (Male) |
| 26:55 | Queue | Villager (Male) |
| 27:07 | Research | Heavy Plow |
| 27:08 | Research | Bow Saw |
| 27:16 | Build | Palisade Gate |
| 27:41 | Queue | Villager (Male) |
| 27:41 | Queue | Villager (Male) |
| 27:41 | Queue | Villager (Male) |
| 27:42 | Queue | Villager (Male) |
| 27:42 | Queue | Villager (Male) |
| 27:42 | Queue | Villager (Male) |
Build order — kinghandles
First 150 of 686 actions detected
| 0:00 | Queue | Villager (Male) |
| 0:00 | Queue | Villager (Male) |
| 0:01 | Queue | Villager (Male) |
| 0:02 | Build | House |
| 0:03 | Build | House |
| 0:06 | Queue | Villager (Male) |
| 1:23 | Queue | Villager (Male) |
| 1:52 | Queue | Villager (Male) |
| 2:06 | Build | Lumber Camp |
| 2:21 | Queue | Villager (Male) |
| 2:21 | Queue | Villager (Male) |
| 2:55 | Queue | Villager (Male) |
| 3:24 | Queue | Villager (Male) |
| 3:29 | Queue | Villager (Male) |
| 3:31 | Queue | Villager (Male) |
| 3:37 | Build | House |
| 4:18 | Queue | Villager (Male) |
| 4:56 | Build | Mill |
| 5:03 | Queue | Villager (Male) |
| 5:05 | Queue | Villager (Male) |
| 5:31 | Queue | Villager (Male) |
| 6:13 | Queue | Villager (Male) |
| 6:41 | Research | Loom |
| 7:01 | Research | Feudal Age |
| 7:04 | Build | House |
| 7:41 | Build | Barracks |
| 7:46 | Build | House |
| 8:09 | Queue | Villager (Male) |
| 8:40 | Build | House |
| 8:47 | Build | House |
| 9:19 | Age | Feudal Age |
| 9:32 | Build | Stable |
| 9:41 | Queue | Villager (Male) |
| 9:48 | Queue | Villager (Male) |
| 10:10 | Queue | Villager (Male) |
| 10:42 | Build | House |
| 10:54 | Build | Mining Camp |
| 10:59 | Queue | Villager (Male) |
| 11:13 | Build | House |
| 11:17 | Build | Palisade Wall |
| 11:24 | Queue | Villager (Male) |
| 11:33 | Build | Lumber Camp |
| 11:38 | Queue | Villager (Male) |
| 11:56 | Build | House |
| 12:16 | Queue | Villager (Male) |
| 12:18 | Build | Farm |
| 12:22 | Build | Farm |
| 12:24 | Queue | Villager (Male) |
| 12:33 | Build | Farm |
| 12:38 | Research | Double-Bit Axe |
| 12:53 | Queue | Villager (Male) |
| 12:59 | Build | Farm |
| 13:03 | Build | Farm |
| 13:14 | Build | House |
| 13:25 | Queue | Villager (Male) |
| 13:36 | Build | House |
| 13:41 | Build | Palisade Wall |
| 13:43 | Queue | Villager (Male) |
| 13:52 | Build | Farm |
| 13:54 | Build | Farm |
| 14:13 | Build | Farm |
| 14:15 | Queue | Villager (Male) |
| 14:17 | Build | Farm |
| 14:36 | Build | Stable |
| 14:39 | Queue | Villager (Male) |
| 15:15 | Queue | Villager (Male) |
| 15:23 | Build | Market |
| 15:24 | Queue | Villager (Male) |
| 15:29 | Queue | Villager (Male) |
| 15:48 | Build | House |
| 16:03 | Build | Farm |
| 16:16 | Research | Castle Age |
| 16:26 | Build | Farm |
| 16:34 | Build | House |
| 16:36 | Queue | Villager (Male) |
| 16:39 | Build | Farm |
| 16:43 | Build | House |
| 16:58 | Build | Watch Tower |
| 16:59 | Queue | Villager (Male) |
| 17:06 | Build | House |
| 17:08 | Queue | Villager (Male) |
| 17:14 | Build | Farm |
| 17:27 | Build | Farm |
| 17:51 | Build | Farm |
| 18:00 | Build | House |
| 19:10 | Age | Castle Age |
| 19:30 | Build | Castle |
| 19:33 | Queue | Villager (Male) |
| 19:47 | Queue | Villager (Male) |
| 19:49 | Build | House |
| 19:53 | Build | Stone Wall |
| 19:56 | Queue | Villager (Male) |
| 20:19 | Build | Stone Wall |
| 20:33 | Queue | Conquistador |
| 20:34 | Queue | Conquistador |
| 20:51 | Build | Farm |
| 20:57 | Build | Farm |
| 21:06 | Build | Farm |
| 21:14 | Build | Farm |
| 21:29 | Build | Mining Camp |
| 21:42 | Build | House |
| 21:46 | Queue | Villager (Male) |
| 21:57 | Queue | Conquistador |
| 21:57 | Queue | Conquistador |
| 22:08 | Queue | Villager (Male) |
| 22:24 | Research | Husbandry |
| 22:36 | Queue | Villager (Male) |
| 22:42 | Build | Town Center |
| 22:43 | Queue | Villager (Male) |
| 23:05 | Queue | Villager (Male) |
| 23:08 | Build | House |
| 23:11 | Build | House |
| 23:13 | Build | House |
| 23:25 | Queue | Villager (Male) |
| 23:45 | Queue | Villager (Male) |
| 24:25 | Queue | Conquistador |
| 24:25 | Queue | Conquistador |
| 24:28 | Queue | Villager (Male) |
| 24:31 | Queue | Villager (Male) |
| 24:42 | Queue | Villager (Male) |
| 24:50 | Build | Farm |
| 24:51 | Build | Farm |
| 24:59 | Queue | Villager (Male) |
| 25:18 | Queue | Villager (Male) |
| 25:33 | Queue | Villager (Male) |
| 25:38 | Build | Farm |
| 25:55 | Queue | Villager (Male) |
| 26:08 | Build | Mill |
| 26:09 | Queue | Villager (Male) |
| 26:28 | Queue | Villager (Male) |
| 26:35 | Build | Farm |
| 26:44 | Queue | Villager (Male) |
| 26:58 | Build | Farm |
| 26:59 | Queue | Villager (Male) |
| 27:03 | Queue | Villager (Male) |
| 27:14 | Queue | Villager (Male) |
| 27:27 | Queue | Villager (Male) |
| 27:35 | Queue | Villager (Male) |
| 27:44 | Build | Farm |
| 27:58 | Queue | Conquistador |
| 27:58 | Queue | Conquistador |
| 28:14 | Build | Town Center |
| 28:19 | Queue | Villager (Male) |
| 28:22 | Queue | Villager (Male) |
| 28:37 | Queue | Villager (Male) |
| 28:53 | Queue | Villager (Male) |
| 29:06 | Build | Town Center |
| 29:07 | Queue | Villager (Male) |
| 29:10 | Queue | Villager (Male) |
| 29:12 | Queue | Villager (Male) |
Match timeline
| 2:50 | tekinbey · wall_segment Palisade Wall x1 |
| 5:46 | tekinbey · wall_segment Palisade Wall x13 |
| 7:41 | kinghandles · first_building Barracks |
| 7:51 | tekinbey · first_building Barracks |
| 9:19 | kinghandles · age_up feudal |
| 9:32 | kinghandles · first_building Stable |
| 10:12 | tekinbey · age_up feudal |
| 10:45 | tekinbey · wall_segment Stone Wall x16 |
| 11:17 | kinghandles · wall_segment Palisade Wall x1 |
| 13:41 | kinghandles · wall_segment Palisade Wall x9 |
| 14:04 | tekinbey · wall_segment Stone Wall x4 |
| 16:14 | kinghandles · first_market_sell 100 wood |
| 19:10 | kinghandles · age_up castle |
| 19:24 | kinghandles · first_market_buy 100 stone |
| 19:30 | kinghandles · first_building Castle |
| 19:53 | kinghandles · wall_segment Stone Wall x7 |
| 20:19 | kinghandles · wall_segment Stone Wall x1 |
| 20:29 | tekinbey · first_market_sell 100 wood |
| 20:29 | tekinbey · first_market_buy 100 food |
| 21:06 | tekinbey · wall_segment Stone Wall x1 |
| 21:39 | tekinbey · wall_segment Palisade Wall x2 |
| 23:15 | tekinbey · age_up castle |
| 23:43 | tekinbey · first_building Krepost |
| 28:56 | tekinbey · first_building Monastery |
| 35:19 | tekinbey · first_building Stable |
| 35:23 | tekinbey · first_building Siege Workshop |
| 38:10 | kinghandles · age_up imperial |
| 41:01 | tekinbey · age_up imperial |
| 49:58 | kinghandles · first_building Monastery |
| 51:26 | kinghandles · wall_segment Palisade Wall x1 |
| 52:44 | kinghandles · first_building Siege Workshop |
| 61:35 | kinghandles · resign |
[ AI ANALYSIS · 1 CREDIT ]
What really happened in this match?
Wolo.gg analyzes every decision: build order, eco, micro, common mistakes by bracket. Personalized analysis on WhatsApp or Discord in 30 seconds.
Civ guide
Bulgarians
Perfil
tekinbey